 Dungeon Crawl Stone Soup version 0.31.0-32-g396128a36d (webtiles) character file.

Game seed: 10699675930648113970

413 hawla the Firebug (level 6, -15/32 HPs)
             Began as a Deep Elf Fire Elementalist on Apr 15, 2024.
             Demolished by an ogre
             ... wielding a +0 giant club
              (20 damage)
             ... on level 4 of the Dungeon.
             The game lasted 00:06:13 (3287 turns).

hawla the Firebug (Deep Elf Fire Elementalist)      Turns: 3287, Time: 00:06:14

Health: -15/32     AC:  4    Str:  5    XL:     6   Next: 59%
Magic:  7/15       EV: 12    Int: 22    God:
Gold:   144        SH:  0    Dex: 15    Spells: 7/14 levels left

rFire   . . .        r - staff of earth
rCold   . . .        (no shield)
rNeg    . . .        a - +0 robe
rPois   .            (no helmet)
rElec   .            (no cloak)
rCorr   .            j - +0 pair of gloves
SInv    .            f - +0 pair of boots
Will    .....        (no amulet)
Stlth   ++           q - ring of wizardry
HPRegen 0.25/turn    (no ring)
MPRegen 0.14/turn

%: wizardry (x1)
@: very slightly contaminated
A: no striking features
a: no special abilities


You were on level 4 of the Dungeon.
You visited 1 branch of the dungeon, and saw 4 of its levels.

You collected 144 gold pieces.

Inventory:

Armour
 a - a +0 robe (worn)
 f - a +0 pair of boots (worn)
 j - a +0 pair of gloves (worn)
Magical Staves
 r - a staff of earth (weapon)
Jewellery
 q - a ring of wizardry (left hand)
Scrolls
 h - a scroll of teleportation
 i - a scroll of amnesia
 k - a scroll of revelation {unknown}
 l - a scroll of identify {unknown}
 n - a scroll of silence {unknown}
 p - a scroll of poison {unknown}
Potions
 b - a potion of magic
 c - 2 potions of curing {unknown}
 g - 2 potions of ambrosia {unknown}
 m - 2 potions of enlightenment {unknown}
 o - a potion of resistance {unknown}
 s - a potion of might {unknown}


   Skills:
 - Level 2.4 Dodging
 - Level 2.4 Stealth
 - Level 4.6 Spellcasting
 - Level 1.1 Conjurations
 + Level 7.6 Fire Magic


You had 7 spell levels left.
You knew the following spells:

 Your Spells              Type           Power      Damage    Failure   Level
a - Foxfire               Conj/Fire      96%        2x1d8     1%          1
b - Scorch                Fire           76%        2d8       1%          2
c - Flame Wave            Conj/Fire      24%        2d8       7%          4

Your spell library contained the following spells:

 Spells                   Type           Power      Damage    Failure   Level
 Inner Flame              Hex/Fire       22%        N/A       2%          3
 Volatile Blastmotes      Fire/Tloc      44%        2d13      2%          3
 Ignite Poison            Fire/Alch      22%        N/A       9%          4
 Sticky Flame             Fire/Alch      22%        2d6       9%          4
 Ignition                 Fire           19%        3d7       100%        8


Dungeon Overview and Level Annotations

Branches:
Dungeon (4/15)
 Temple: D:4-7

Altars:
Xom

Shops:
D:3 *

Annotations:
D:3 2 transporters


Message History

The foxfire hits the bullfrog.
The bullfrog is severely wounded.
Casting: Foxfire (safe; 1% risk of failure)
Confirm with . or Enter, or press ? or * to list all spells.
You conjure some foxfire!
The foxfire hits the bullfrog.
The bullfrog is almost dead.
Casting: Foxfire (safe; 1% risk of failure)
Confirm with . or Enter, or press ? or * to list all spells.
Flames lash the bullfrog.
You kill the bullfrog!
Unknown command.
Your foxfire dissipates!
An ogre comes into view. It is wielding a +0 giant club.
An ogre is nearby!
An ogre is nearby!
An ogre is nearby!
Casting: Scorch (safe; 1% risk of failure)
Confirm with . or Enter, or press ? or * to list all spells.
You miscast Foxfire.
You are very lightly contaminated with residual magic.
Nothing appears to happen.
The ogre hits you with a +0 giant club!
Casting: Foxfire (safe; 1% risk of failure)
Confirm with . or Enter, or press ? or * to list all spells.
Flames lash the ogre.
The ogre is heavily wounded.
The ogre's fire resistance burns away.
Casting: Scorch (safe; 1% risk of failure)
Confirm with . or Enter, or press ? or * to list all spells.
Flames lash the ogre.
The ogre is burned terribly!
The ogre is severely wounded.
The ogre hits you with a +0 giant club!
* * * LOW HITPOINT WARNING * * *
Unknown command.
Casting: Scorch (safe; 1% risk of failure)
Confirm with . or Enter, or press ? or * to list all spells.
Flames lash the ogre.
The ogre is burned terribly!
The ogre is almost dead.
The ogre hits you with a +0 giant club!!
Ouch! That really hurt!
You die...

# #.. #.# .. #.# #§#
#####. #.# #§# #.....
#.# #§# #....###.# #§#
.##.>.....†#### #§#
......#.##....###.######
###...................#
#.....@#####.###.###.##
#.##.O.#.........# #.#
.........#†########.#
####..##..#.)........#
.......#..#########
#.#####.#..# #. #.#..#
.. #.#..# #.#..#


You could see an ogre (combustible).

Vanquished Creatures
  A bullfrog (D:4)
  A scorpion (D:4)
  A howler monkey (D:4)
  A bombardier beetle (D:4)
  A hound (D:4)
  An iguana (D:4)
  Natasha (twice) (D:2)
  5 adders
  4 dart slugs
  A ribbon worm (D:3)
  An orc (D:2)
  5 bats
  9 endoplasms
  A giant cockroach (D:1)
  8 goblins
  2 hobgoblins
  2 quokkas (D:3)
  5 ball pythons
  A frilled lizard (D:2)
  6 kobolds
  9 rats
67 creatures vanquished.

Vanquished Creatures (others)
  160 foxfires
160 creatures vanquished.

Grand Total: 227 creatures vanquished

Notes
Turn   | Place    | Note
-------+----------+-------------------------------------------
     0 | D:1      | hawla the Deep Elf Fire Elementalist began the quest for
                  | the Orb.
     0 | D:1      | Reached XP level 1. HP: 10/10 MP: 6/6
   295 | D:1      | Reached skill level 4 in Fire Magic
   295 | D:1      | Reached XP level 2. HP: 7/15 MP: 4/8
   300 | D:1      | Learned a level 2 spell: Scorch
  1103 | D:2      | Reached XP level 3. HP: 19/19 MP: 5/9
  1223 | D:2      | You fall into a shaft and drop 2 floors!
  1291 | D:3      | Reached skill level 5 in Fire Magic
  1362 | D:2      | Noticed Natasha
  1366 | D:2      | Killed Natasha
  1367 | D:2      | Reached XP level 4. HP: 9/24 MP: 1/10
  1372 | D:2      | Learned a level 4 spell: Flame Wave
  1952 | D:2      | Noticed Natasha
  1959 | D:2      | Killed Natasha
  1960 | D:2      | Reached skill level 6 in Fire Magic
  2286 | D:3      | Found a transporter.
  2286 | D:3      | Found Ekympuje's Assorted Antiques.
  2372 | D:3      | Reached XP level 5. HP: 25/28 MP: 6/12
  2419 | D:3      | Found a transporter.
  2541 | D:3      | Noticed an eye of devastation
  2544 | D:3      | Noticed a golden eye
  2546 | D:3      | Found a faded altar of an unknown god.
  2548 | D:3      | Noticed a great orb of eyes
  2548 | D:3      | Noticed a golden eye
  2932 | D:3      | Found a shimmering altar of Xom.
  3073 | D:4      | Reached XP level 6. HP: 29/32 MP: 2/14
  3157 | D:4      | Reached skill level 7 in Fire Magic
  3287 | D:4      | Demolished by an ogre

Illustrated notes

Levels and vault maps discovered:
D:1:      denvon_arrival_planthouse, layout_loops_cross,
          minmay_misc_feat_enclosed
D:2:      layout_loops_cross, uniq_natasha
D:3:      layout_basic, mainiacjoe_overflow_alcove_4, serial_shops,
          nicolae_shop_drivethru, hellmonk_ecumenical_altar_watching_god,
          minmay_hedge_maze
D:4:      layout_basic, minmay_temple_entry_large_hall

Skill      XL: |  1  2  3  4  5  6 |
---------------+-------------------+-----
Fire Magic     | 4 5 6 7 |  7.6
Spellcasting   | 4 |  4.6
Dodging        | |  2.4
Stealth        | |  2.4
Conjurations   | |  1.1

Action                     |  1- 3 |  4- 6 || total
---------------------------+-------+-------++-------
  Melee: Unarmed           |     3 |     2 ||     5
         Staff             |       |    16 ||    16
   Cast: Foxfire           |    47 |    49 ||    96
         Scorch            |     8 |    30 ||    38
         Flame Wave        |       |     1 ||     1
    Use: Scroll            |       |     4 ||     4
 Armour: Robe              |     3 |    17 ||    20
  Dodge: Dodged            |     4 |    14 ||    18
